 Dungeon Crawl Stone Soup version 0.24.0-41-g2ae2f7f1be (webtiles) character file.

Game seed: 18052654955345436506, levelgen mode: deterministic

64 Descartes the Scratcher (level 3, -3/16 HPs)
             Began as a Felid Transmuter on Dec 14, 2019.
             Slain by an adder (5 damage)
             ... on level 2 of the Dungeon.
             The game lasted 00:03:22 (2293 turns).

Descartes the Scratcher (Felid Transmuter)          Turns: 2293, Time: 00:03:23

Health: -3/16      AC:  1    Str:  7    XL:     3   Next: 91%
Magic:  7/7        EV: 19    Int: 14    God:
Gold:   102        SH:  0    Dex: 16    Spells: 5/6 levels left
                                        Lives:  0   Deaths: 0

rFire    . . .     SeeInvis +     - Unarmed
rCold    . . .     Gourm    .   (shield unavailable)
rNeg     . . .     Faith    .   (armour unavailable)
rPois    .         Spirit   .   (helmet unavailable)
rElec    .         Reflect  .   (cloak unavailable)
rCorr    .         Harm     .   (gloves unavailable)
MR       +....                  (boots unavailable)
Stlth    +++.......             (no amulet)
HPRegen  0.05/turn              l - ring of protection from magic
MPRegen  0.10/turn              (no ring)

@: lethally poisoned (-3 -> -9), quick
A: very small, no armour, no weapons or thrown items, stealth, claws 1, fangs 3,
see invisible, carnivore, speed 1, shaggy fur 1, slow metabolism 1, sharp paws
a: no special abilities


You were on level 2 of the Dungeon.
You were completely stuffed.

You visited 1 branch of the dungeon, and saw 2 of its levels.

You collected 102 gold pieces.

Inventory:

Missiles
 a - 12 arrows
 i - 20 stones
Jewellery
 l - a ring of protection from magic (left paw)
Scrolls
 b - a scroll of immolation {unknown}
 d - a scroll of blinking {unknown}
 e - 2 scrolls of remove curse
 g - a scroll of identify {unknown}
 h - 4 scrolls of fog
 n - a scroll of fear {unknown}
 o - a scroll of teleportation {unknown}
Potions
 f - a potion of mutation {unknown}
 j - 2 potions of agility {unknown}
 k - a potion of magic {unknown}
Comestibles
 c - 5 rations
 m - 2 chunks of flesh


   Skills:
 + Level 1.8 Fighting
 + Level 3.4 Dodging
 + Level 2.1 Stealth
 * Level 3.8 Unarmed Combat
 - Level 2.0 Spellcasting
 - Level 2.1 Transmutations


You had 5 spell levels left.
You knew the following spells:

 Your Spells              Type           Power        Failure   Level  Hunger
a - Beastly Appendage     Tmut           #.....       10%         1    ##.....

Your spell library contained the following spells:

 Spells                   Type           Power        Failure   Level  Hunger
 Sticks to Snakes         Tmut           #.......     14%         2    ###....
 Spider Form              Tmut/Pois      #.........   41%         3    ####...
 Ice Form                 Ice/Tmut       #.......     83%         4    #####..
 Blade Hands              Tmut           #.........   95%         5    ######.


Dungeon Overview and Level Annotations

Branches:
Dungeon (2/15)

Altars:
Ru


Innate Abilities, Weirdness & Mutations

You cannot wear armour.
You are incapable of wielding weapons or throwing items.
Your paws allow you to move quietly. (Stealth)
You have sharp claws.
You have razor-sharp teeth.
You have supernaturally acute eyesight. (SInv)
You are carnivorous and can eat meat at any time.
You cover ground quickly.
You are covered in fur. (AC +1)
You have a slow metabolism.
Your sharp claws are effective at attacking unaware monsters.


Message History

You closely miss the adder. Your bite misses the adder.
The adder is severely wounded.
You feel sick. The adder barely misses you.
You barely miss the adder. Your bite misses the adder.
The adder is severely wounded.
The adder closely misses you.
You scratch the adder.
The adder is almost dead.
The adder closely misses you. The adder misses you.
You miss the adder.
The adder is almost dead.
You feel sick. The adder bites you.
* * * LOW HITPOINT WARNING * * *
You scratch the adder but do no damage. Your claw misses the adder.
The adder is almost dead.
The adder misses you.
You closely miss the adder.
The adder is almost dead.
The adder bites you.
You die...

.. .## ..# ..
. ### #
.....###### #
.....gS@..# #
.....####.# #
.....#... #.#
# ... .## #.#
# ... .# #.# #
#'# .# ### #.#
# #.# .# ....
#.# ####.#
.#..... #.#
.....##.......
#.#


You could see an adder and a goblin.

Vanquished Creatures
  An adder (D:2)
  2 dart slugs (D:1)
  A leopard gecko (D:1)
  7 bats
  4 giant cockroaches (D:1)
  9 goblins
  3 hobgoblins (D:1)
  4 jackals (D:1)
  6 kobolds
  A ball python (D:1)
  5 frilled lizards
  3 rats
46 creatures vanquished.

Notes
Turn   | Place    | Note
-------+----------+-------------------------------------------
     0 | D:1      | Descartes the Felid Transmuter began the quest for the Orb.
     0 | D:1      | Reached XP level 1. HP: 9/9 MP: 4/4
   329 | D:1      | Reached XP level 2. HP: 11/12 MP: 6/6
   333 | D:1      | Reached skill level 1 in Stealth
   674 | D:1      | Reached XP level 3. HP: 11/15 MP: 7/7
  2134 | D:2      | Found a sacrificial altar of Ru.
  2293 | D:2      | Slain by an adder

Levels and vault maps discovered:
D:1:      scummos_arrival_hexagon, layout_loops_ring, serial_bayou,
          serial_bayou_crossing, serial_bayou_lagoon_a, serial_bayou_pond_d,
          serial_bayou_pond_c
D:2:      layout_basic, nicolae_ru_path_of_blood, chequers_serial_rivers_small_b

Skill      XL: |  1  2  3 |
---------------+----------+-----
Stealth        | 1 2 |  2.1
Dodging        | 3 |  3.4
Fighting       | |  1.8
Unarmed Combat | |  3.8
Spellcasting   | |  2.0
Transmutations | |  2.1

Action                   || total
-------------------------++-------
Melee: Unarmed           ||   135
       Bite              ||     5
       Punch             ||     1
 Cast: Beastly Appendage ||     1
  Use: Scroll            ||     2
 Stab: Sleeping          ||    15
  Eat: Chunk             ||    10
Armor: Skin              ||     6
Dodge: Dodged            ||   102
